 Dungeon Crawl Stone Soup version 0.28.0-43-g3370ac3207 (webtiles) character file.

Game seed: 12936344040154427035

839 mortz the Slasher (level 8, -7/68 HPs)
             Began as a Hill Orc Fighter on Mar 20, 2022.
             Was a Follower of Beogh.
             Mangled by an ice beast (13 damage)
             ... on level 5 of the Dungeon.
             The game lasted 00:30:26 (4550 turns).

mortz the Slasher (Hill Orc Fighter)                Turns: 4550, Time: 00:30:27

Health: -7/68      AC: 16    Str: 21    XL:     8   Next: 0%
Magic:  8/8        EV: 10    Int:  8    God:    Beogh [*.....]
Gold:   61         SH:  4    Dex: 10    Spells: 7/7 levels left

rFire   . . .      SeeInvis .   a - +0 long sword {long}
rCold   . . .      Faith    .   c - +0 buckler
rNeg    . . .      Spirit   .   b - +0 scale mail
rPois   .          Reflect  .   C - +0 helmet
rElec   .          Harm     .   j - +0 cloak
rCorr   .          Rampage  .   G - +0 pair of gloves
Will    +....                   q - +0 pair of boots
Stlth   ..........              (no amulet)
HPRegen 0.21/turn               l - +4 ring of protection
MPRegen 0.11/turn               o - ring of willpower

@: no status effects
A: no striking features
a: Renounce Religion


You were on level 5 of the Dungeon.
You worshipped Beogh.
Beogh was aware of your devotion.
You visited 1 branch of the dungeon, and saw 5 of its levels.

You collected 169 gold pieces.
You spent 108 gold pieces at shops.


   Skills:
 + Level 5.1 Fighting
 + Level 0.5(3.6) Short Blades
 + Level 6.4 Long Blades
 + Level 1.9 Throwing
 + Level 5.0 Armour
 + Level 2.0 Dodging
 + Level 0.8 Stealth
 + Level 4.2 Shields


You had 7 spell levels left.
You didn't know any spells.
Your spell library contained the following spells:

 Spells                   Type           Power      Damage    Failure   Level
 Animate Skeleton         Necr           0%         N/A       83%         1
 Pain                     Necr           0%         1d4       83%         1
 Vampiric Draining        Necr           0%         2d6       99%         3

Inventory:

Hand Weapons
 a - a +0 long sword (weapon) {long}
 i - a +1 vorpal trident {polearm}
   (You took it off an orc on level 2 of the Dungeon)
 s - a +0 flail {mace}
   (You took it off a gnoll on level 3 of the Dungeon)
 w - a +2 antimagic dagger {short}
   (You took it off a goblin on level 4 of the Dungeon)
 A - a +1 short sword of speed {short}
   (You took it off an orc on level 4 of the Dungeon)
 B - a +2 dagger of electrocution {short}
   (You took it off an orc wizard on level 4 of the Dungeon)
 E - a +0 rapier of speed {short}
   (You found it on level 5 of the Dungeon)
Missiles
 e - 97 stones {throwing}
 n - 8 poisoned darts (quivered) {throwing}
Armour
 b - a +0 scale mail (worn)
 c - a +0 buckler (worn)
 j - a +0 cloak (worn)
   (You found it on level 2 of the Dungeon)
 k - a scarf of harm
   (You found it on level 2 of the Dungeon)
 q - a +0 pair of boots (worn)
   (You found it on level 3 of the Dungeon)
 C - a +0 helmet (worn)
   (You found it on level 4 of the Dungeon)
 G - a +0 pair of gloves (worn)
   (You bought it in a shop on level 5 of the Dungeon)
Jewellery
 l - a +4 ring of protection (left hand)
   (You found it on level 2 of the Dungeon)
 o - a ring of willpower (right hand)
   (You found it on level 2 of the Dungeon)
Wands
 u - a wand of flame (23)
   (You found it on level 4 of the Dungeon)
 x - a wand of polymorph (8)
   (You found it on level 4 of the Dungeon)
Scrolls
 g - a scroll of brand weapon {unknown}
 m - a scroll of teleportation {unknown}
 r - a scroll of immolation {unknown}
 t - 2 scrolls of enchant weapon {unknown}
 y - a scroll of noise {unknown}
 z - a scroll of amnesia {unknown}
Potions
 d - a potion of might
 f - 3 potions of curing {unknown}
 h - a potion of haste {unknown}
 p - a potion of heal wounds {unknown}
 v - a potion of mutation {unknown}
 D - a potion of flight {unknown}
 F - 2 potions of attraction {unknown}

Dungeon Overview and Level Annotations

Branches:
Dungeon (5/15)             Temple (0/1) D:5

Altars:
Gozag

Shops:
D:4 * D:5

[ ≈≈# ≈≈# ###
########♣♣
#......Y@♣
#.#####♣#♣
#.###♣♣♣♣
#....≈P≈♣ # #
#.##..≈≈. #####.#
#.# ♣P♣♣ ...##.#
#.# ♣
##.#.#.##.#####.#
#..###.........♣


You could see an ice beast.


Message History

Thank you for shopping at Ikoedyig's Antique Armour Boutique!
You can access your shopping list by pressing '$'.
You hear the quick rusting of a very distant drain.
You start putting on your armour.
You continue putting on your +0 pair of gloves. x4
You finish putting on your +0 pair of gloves.
As you open the door, it creaks loudly!
An orc comes into view. It is wielding a +0 hand axe.
You hear a bark!
A hound comes into view.
There is an open door here.
You slash the orc!
You kill the orc!
Beogh accepts your kill.
You slash the hound! The hound barely misses you.
The hound pauses to sniff the ground.
The hound bites you but does no damage.
You completely miss the hound. The hound misses you.
You closely miss the hound. The hound closely misses you. The hound misses you.
You closely miss the hound. The hound barely misses you.
The hound closely misses you.
You miss the hound. The hound bites you but does no damage.
You barely miss the hound.
The hound bites you but does no damage. x2
You slash the hound!
You kill the hound!
Beogh accepts your kill.
Your Armour skill increases to level 5!
You have reached level 8! 😎 HP[+7] MP[+1]
You now have 68 max hp (+7).
Your hp is fully restored (68).
Your mp is fully restored (8).
Things that are here:
a +0 hand axe {axe}; a hound corpse; an orc corpse An ice beast comes into view.
The ice beast hits you. The ice beast freezes you! 😕 HP[-13]
You take 13 damage, and now have 55/68 hp.
You hit the ice beast.
You block the ice beast's attack. 😕 HP[+1]
You hit the ice beast but do no damage.
The ice beast hits you but does no damage.
You hit the ice beast.
The ice beast hits you but does no damage.
You closely miss the ice beast. The ice beast barely misses you.
You hit the ice beast.
The ice beast hits you but does no damage.
You hit the ice beast but do no damage.
The ice beast closely misses you. 😕 HP[+1]
You closely miss the ice beast. The ice beast hits you.
The ice beast freezes you!
The ice beast hits you but does no damage. 😮 HP[-13]
You take 13 damage, and now have 44/68 hp.
You closely miss the ice beast. You block the ice beast's attack.
You hit the ice beast.
The ice beast hits you but does no damage.
You hit the ice beast but do no damage.
The ice beast barely misses you. 😮 HP[+1]
You hit the ice beast but do no damage.
The ice beast hits you but does no damage.
You slash the ice beast! The ice beast hits you. The ice beast freezes you!
* * * LOW HITPOINT WARNING * * *
😨 HP[-12]
You take 12 damage, and now have 33/68 hp.
You barely miss the ice beast.
The ice beast closely misses you. 😨 HP[+1] Throw: 9 darts (poison) {throwing}
Press: ? - help, Q - select action, (/) - cycle Shift-Dir - straight line, f - ice beast
Aim: an ice beast (moderately wounded, 57% to hit)
You throw a poisoned dart {throwing}.
The poisoned dart {throwing} barely misses the ice beast.
The ice beast hits you but does no damage.
You hit the ice beast.
The ice beast hits you but does no damage.
You hit the ice beast. The ice beast hits you.
* * * LOW HITPOINT WARNING * * *
The ice beast freezes you!
* * * LOW HITPOINT WARNING * * *
The ice beast hits you.
* * * LOW HITPOINT WARNING * * *
The ice beast freezes you!
* * * LOW HITPOINT WARNING * * *
😱 HP[-30]
You take 30 damage, and now have 4/68 hp.
MASSIVE DAMAGE!! (PAUSE)
You hear the quick rusting of a very distant drain. 😱 HP[+1] 😱 HP[+1] 😱 HP[+1]
You barely miss the ice beast. The ice beast barely misses you.
You hit the ice beast. The ice beast barely misses you.
You closely miss the ice beast. The ice beast misses you. 😱 HP[+1]
You barely miss the ice beast. The ice beast barely misses you.
You hit the ice beast.
The ice beast hits you but does no damage.
You closely miss the ice beast. The ice beast hits you.
* * * LOW HITPOINT WARNING * * *
The ice beast freezes you!
You die...

Skill      XL: |  1  2  3  4  5  6  7 |
---------------+----------------------+-----
Fighting       | 4 5 |  5.1
Long Blades    | 3 5 6 |  6.4
Armour         | 4 5 |  5.0
Dodging        | 1 2 |  2.0
Shields        | 4 |  4.2
Throwing       | 1 |  1.9
Short Blades   | |  0.5
Stealth        | |  0.8

Action                   |  1- 3 |  4- 6 |  7- 9 || total
-------------------------+-------+-------+-------++-------
Melee: Long sword        |   136 |   136 |    74 ||   346
       Dagger            |       |       |    17 ||    17
       Short sword       |       |       |     3 ||     3
Throw: Stone             |     3 |     3 |       ||     6
       Dart              |       |    13 |     9 ||    22
Invok: Convert to Beogh  |       |     1 |       ||     1
Armor: Scale mail        |    46 |    76 |    35 ||   157
Dodge: Dodged            |    68 |    66 |    36 ||   170
Block: Buckler           |    31 |    27 |     7 ||    65

Levels and vault maps discovered:
D:1:      elethiomel_arrival_shortcut, layout_rooms
D:2:      layout_loops_corners, dreamdust_ecumenical_altar_drowned_temple,
          corexii_leaking_fountain, minmay_split_cup_small
D:3:      layout_loops_cross, mainiacjoe_overflow_alcove_4, uniq_jessica
D:4:      layout_cave_pools, serial_shops, shop, uniq_sigmund
D:5:      layout_loops_ring, general_overflow_altar, temple_hall_moat,
          portal_sewer_entry_b, serial_shops, kennysheep_little_box,
          serial_bayou_crossing

Notes
Turn   | Place    | Note
-------+----------+-------------------------------------------
     0 | D:1      | mortz the Hill Orc Fighter began the quest for the Orb.
     0 | D:1      | Reached XP level 1. HP: 19/19 MP: 1/1
     0 | D:1      | magus.rc [v1.9.6]
   174 | D:1      | Reached XP level 2. HP: 27/27 MP: 2/2
   354 | D:1      | Reached skill level 4 in Fighting
   680 | D:2      | Reached XP level 3. HP: 33/33 MP: 3/3
   806 | D:2      | HP: 7/33 [orc/+1 vorpal trident (3)]
  1067 | D:2      | You pick up a book of Necromancy and begin reading...
  1067 | D:2      | You add the spells Pain, Animate Skeleton and Vampiric
                  | Draining to your library.
  1146 | D:2      | Reached skill level 3 in Long Blades
  1305 | D:2      | Found a faded altar of an unknown god.
  1980 | D:3      | Reached XP level 4. HP: 22/40 MP: 4/4
  1987 | D:3      | HP: 9/40 [hobgoblin (3)]
  2295 | D:3      | Became a worshipper of Beogh the Brigand
  2534 | D:3      | Noticed Jessica
  2542 | D:3      | Killed Jessica
  2593 | D:3      | Reached XP level 5. HP: 33/47 MP: 5/5
  2596 | D:3      | Reached skill level 4 in Long Blades
  2845 | D:3      | Found an opulent altar of Gozag.
  3128 | D:4      | Noticed Sigmund
  3182 | D:4      | Killed Sigmund
  3182 | D:4      | Reached * piety under Beogh
  3183 | D:4      | Reached skill level 5 in Long Blades
  3183 | D:4      | Reached skill level 4 in Armour
  3183 | D:4      | Reached skill level 1 in Dodging
  3183 | D:4      | Reached skill level 4 in Shields
  3183 | D:4      | Reached XP level 6. HP: 47/53 MP: 6/6
  3264 | D:4      | Found Qipay's General Store.
  3378 | D:4      | magus.rc [v1.9.6]
  3397 | D:4      | Noticed a black bear
  3405 | D:4      | Killed a black bear
  3406 | D:4      | Reached skill level 1 in Throwing
  3406 | D:4      | Reached XP level 7. HP: 54/60 MP: 7/7
  3962 | D:5      | Entered Level 5 of the Dungeon
  4119 | D:5      | Reached skill level 5 in Fighting
  4119 | D:5      | Reached skill level 6 in Long Blades
  4167 | D:5      | Reached skill level 2 in Dodging
  4426 | D:5      | Found a staircase to the Ecumenical Temple.
  4480 | D:5      | Found Ikoedyig's Antique Armour Boutique.
  4485 | D:5      | Bought a pair of gloves for 108 gold pieces
  4503 | D:5      | Reached skill level 5 in Armour
  4503 | D:5      | Reached XP level 8. HP: 68/68 MP: 8/8
  4532 | D:5      | HP: 17/68 [ice beast (14)]
  4532 | D:5      | HP: 4/68 [ice beast (9)]
  4550 | D:5      | HP: 6/68 [ice beast (2)]
  4550 | D:5      | Mangled by an ice beast

Vanquished Creatures
  Sigmund (D:4)
  A black bear (D:4)
  An ice beast (D:5)
  An ogre (D:5)
  A phantom (D:5)
  2 hounds (D:5)
  Jessica (D:3)
  3 orc wizards
  4 adders
  4 gnolls (D:3)
  A worm (D:2)
  A dart slug (D:3)
  8 orcs
  8 ball pythons
  10 endoplasms
  2 giant cockroaches
  9 goblins
  3 hobgoblins
  8 jackals
  8 kobolds
  6 quokkas
  4 bats
  3 frilled lizards
  7 rats
  A spectral hobgoblin (D:2)
98 creatures vanquished.

Table legend:
 A = Non-vault XP
 B = Vault XP
 C = Vault XP percentage of total XP
 D = Non-vault monster count
 E = Vault monster count
 F = Vault count percentage of total count
                 A         B        C        D         E       F
            +---------+---------+-------+---------+---------+-------
      Total |     929 |     270 |  22.5 |      92 |       6 |   6.1
            +---------+---------+-------+---------+---------+-------
        D:1 |      31 |       0 |   0.0 |      18 |       0 |   0.0
        D:2 |      41 |       6 |  12.8 |      16 |       4 |  20.0
        D:3 |     119 |      37 |  23.7 |      29 |       1 |   3.3
        D:4 |     226 |     227 |  50.1 |      21 |       1 |   4.5
        D:5 |     512 |       0 |   0.0 |       8 |       0 |   0.0
            +---------+---------+-------+---------+---------+-------

Illustrated notes

Table legend:
 A = Kills in this place as a percentage of kills in entire the game.
 B = Kills by you in this place as a percentage of kills by you in the entire game.
 C = Kills by friends in this place as a percentage of kills by friends in the entire game.
 D = Other kills in this place as a percentage of other kills in the entire game.
 E = Experience gained in this place as a percentage of experience gained in the entire game.
 F = Experience gained in this place divided by the number of levels of this place that you have seen.
                   A       B       C       D       E      F
               +-------+-------+-------+-------+-------+----------------------
         Total | 100.0 | 100.0 |   N/A |   N/A | 100.0 | 239.8
       Dungeon | 100.0 | 100.0 |   N/A |   N/A | 100.0 | 239.8
               +-------+-------+-------+-------+-------+----------------------

Table legend: (Time is in decaauts)
 A = Elapsed time spent in this place.
 B = Non-inter-level travel time spent in this place.
 C = Inter-level travel time spent in this place.
 D = Time resting spent in this place.
 E = Time spent auto-exploring this place.
 F = Levels seen in this place.
 G = Mean time per level.
                   A        B        C        D        E       F      G
               +--------+--------+--------+--------+--------+-----+--------+
         Total |   4639 |   4444 |    195 |    614 |   2625 |   5 |  927.8 |
       Dungeon |   4639 |   4444 |    195 |    614 |   2625 |   5 |  927.8 |
               +--------+--------+--------+--------+--------+-----+--------+

Top non-repeatable levels by time:
     D:2: 1285 daAuts
     D:3: 1144 daAuts
     D:4: 1143 daAuts
     D:1: 666 daAuts
     D:5: 400 daAuts
